 Dungeon Crawl Stone Soup version 0.29.1-13-g9f3cf754e1 (webtiles) character file.

Game seed: 13364736643791311535

152 fleeber the Shooter (level 5, -1/33 HPs)
             Began as a Kobold Hunter on Feb 10, 2023.
             Slain by Ijyb
             ... wielding a +0 dagger
              (4 damage)
             ... on level 4 of the Dungeon.
             The game lasted 00:10:10 (3222 turns).

fleeber the Shooter (Kobold Hunter)                 Turns: 3222, Time: 00:10:10

Health: -1/33      AC:  3    Str:  8    XL:     5   Next: 60%
Magic:  5/5        EV: 14    Int: 10    God:
Gold:   208        SH:  0    Dex: 21    Spells: 4/4 levels left

rFire   . . .      SeeInvis .   a - +0 shortbow
rCold   . . .      Faith    .   (shield currently unavailable)
rNeg    . . .      Spirit   .   c - +0 leather armour
rPois   +          Reflect  .   (no helmet)
rElec   .          Harm     .   (no cloak)
rCorr   .          Rampage  .   (no gloves)
Will    .....                   (no boots)
Stlth   +++.......              (no amulet)
HPRegen 0.11/turn               n - ring of poison resistance
MPRegen 0.09/turn               r - ring of wizardry

@: no status effects
A: small, no large weapons, nightstalker 3
a: no special abilities


You were on level 4 of the Dungeon.
You visited 2 branches of the dungeon, and saw 5 of its levels.

You collected 208 gold pieces.

Inventory:

Hand Weapons
 a - a +0 shortbow (weapon)
Missiles
 e - 33 stones
Armour
 c - a +0 leather armour (worn)
Jewellery
 n - a ring of poison resistance (left hand)
 r - a ring of wizardry (right hand)
 s - a ring of see invisible
Wands
 p - a wand of mindburst (7)
Scrolls
 b - a scroll of immolation
 d - 2 scrolls of identify {unknown}
 f - a scroll of fog {unknown}
 g - a scroll of summoning {unknown}
 h - 3 scrolls of fear {unknown}
 i - a scroll of brand weapon {unknown}
 j - a scroll of magic mapping {unknown}
 k - 2 scrolls of enchant weapon {unknown}
 m - a scroll of blinking {unknown}
 o - a scroll of amnesia {unknown}
 q - a scroll of noise {unknown}
Potions
 l - a potion of attraction {unknown}
 t - a potion of degeneration {unknown}


   Skills:
 + Level 4.1 Fighting
 + Level 6.9 Ranged Weapons
 - Level 2.4 Dodging
 - Level 1.3 Stealth
 + Level 1.9 Evocations


You had 4 spell levels left.
You didn't know any spells.
Your spell library was empty.

Dungeon Overview and Level Annotations

Branches:
Dungeon (4/15)             Temple (1/1) D:4

Altars:
Ashenzari
Cheibriados
Dithmenos
Elyvilon
Makhleb
Qazlal
Sif Muna
Trog
Vehumet
Wu Jian
Zin
The Shining One

Annotations:
D:4 Ijyb


Innate Abilities, Weirdness & Mutations

You are small and have problems with some larger weapons.
You are completely attuned to the shadows.


Message History

Aim: a jelly (heavily wounded, 91% to hit)
You shoot an arrow. The arrow hits the jelly!
You kill the jelly!
Ijyb hits you with a +0 dagger.
* * * LOW HITPOINT WARNING * * *
Fire: a) +0 shortbow
Press: ? - help, Q - select action, (/) - cycle Shift-Dir - straight line, f - Ijyb
Aim: Ijyb, wielding a +0 dagger, wearing a +0 scale mail and carrying a wand of charming (12) (64% to hit)
You shoot an arrow. The arrow barely misses Ijyb.
Ijyb misses you.
Fire: a) +0 shortbow
Press: ? - help, Q - select action, (/) - cycle Shift-Dir - straight line, f/p - Ijyb
Aim: Ijyb, wielding a +0 dagger, wearing a +0 scale mail and carrying a wand of charming (12) (64% to hit)
You shoot an arrow. The arrow closely misses Ijyb.
Ijyb closely misses you.
Fire: a) +0 shortbow
Press: ? - help, Q - select action, (/) - cycle Shift-Dir - straight line, f/p - Ijyb
Aim: Ijyb, wielding a +0 dagger, wearing a +0 scale mail and carrying a wand of charming (12) (64% to hit)
You shoot an arrow. The arrow hits Ijyb!
Ijyb is heavily wounded.
Ijyb closely misses you. x2
Fire: a) +0 shortbow
Press: ? - help, Q - select action, (/) - cycle Shift-Dir - straight line, f/p - Ijyb
Aim: Ijyb, wielding a +0 dagger, wearing a +0 scale mail and carrying a wand of charming (12) (heavily wounded, 64% to hit)
You shoot an arrow. The arrow hits Ijyb.
Ijyb is heavily wounded.
Ijyb hits you with a +0 dagger.
* * * LOW HITPOINT WARNING * * *
Fire: a) +0 shortbow
Press: ? - help, Q - select action, (/) - cycle Shift-Dir - straight line, f/p - Ijyb
Aim: Ijyb, wielding a +0 dagger, wearing a +0 scale mail and carrying a wand of charming (12) (heavily wounded, 64% to hit)
You shoot an arrow. The arrow closely misses Ijyb.
You hear a shout!
Ijyb completely misses you.
Fire: a) +0 shortbow
Press: ? - help, Q - select action, (/) - cycle Shift-Dir - straight line, f/p - Ijyb
Aim: Ijyb, wielding a +0 dagger, wearing a +0 scale mail and carrying a wand of charming (12) (heavily wounded, 64% to hit)
You shoot an arrow. The arrow barely misses Ijyb.
Ijyb hits you with a +0 dagger.
You die...

........###############
..#.......#....
.##.......)....
###.....#...#..
......#..#### .#
......#..# .###
.##......###### ...#
...#..#...#...###....
..##.###......#.@.#
....<.###......g.##
.....###....##.#)#
#.....##...#####...
###..###.... .... #...
..##.


You could see Ijyb.

Vanquished Creatures
  A jelly (D:4)
  3 gnolls (D:3)
  2 adders
  A dart slug (D:1)
  2 orcs
  3 bats
  12 endoplasms
  4 giant cockroaches
  5 goblins
  8 hobgoblins
  4 jackals (D:1)
  4 quokkas
  6 ball pythons
  2 frilled lizards
  2 kobolds
  6 rats
65 creatures vanquished.

Notes
Turn   | Place    | Note
-------+----------+-------------------------------------------
     0 | D:1      | fleeber the Kobold Hunter began the quest for the Orb.
     0 | D:1      | Reached XP level 1. HP: 12/12 MP: 1/1
    96 | D:1      | You fall into a shaft and drop 1 floor!
   107 | D:2      | Reached XP level 2. HP: 18/18 MP: 2/2
   517 | D:1      | Reached XP level 3. HP: 23/23 MP: 3/3
   652 | D:1      | Reached skill level 6 in Ranged Weapons
  1512 | D:2      | Reached XP level 4. HP: 28/28 MP: 4/4
  1756 | D:2      | Found a bloodstained altar of Trog.
  2280 | D:3      | Reached skill level 1 in Evocations
  2287 | D:3      | Reached XP level 5. HP: 23/33 MP: 5/5
  2827 | D:4      | Found a staircase to the Ecumenical Temple.
  2868 | Temple   | Entered the Ecumenical Temple
  3212 | D:4      | Noticed Ijyb
  3222 | D:4      | Slain by Ijyb

Illustrated notes

Levels and vault maps discovered:
D:1:      erik_arrival_blinker_ship, layout_basic, chequers_mini_garden
D:2:      layout_basic, basic_altar, minmay_tromino_v4_b
D:3:      layout_basic
D:4:      layout_cave_pools, chequers_temple_overflow_statue_of_worship,
          temple_hall, due_unseen_surprise, uniq_sigmund, uniq_ijyb
Temple:   nicolae_temple_bog_church

Skill      XL: |  1  2  3  4  5 |
---------------+----------------+-----
Fighting       | 3 4 |  4.1
Ranged Weapons | 6 |  6.9
Evocations     | 1 |  1.9
Dodging        | |  2.4
Stealth        | |  1.3

Action                   |  1- 3 |  4- 6 || total
-------------------------+-------+-------++-------
 Fire: Shortbow          |    88 |    81 ||   169
Armor: Leather armour    |     9 |     3 ||    12
Dodge: Dodged            |    37 |    32 ||    69
